 Dungeon Crawl Stone Soup version 0.29-a0-284-gf9362112df (webtiles) character file.

Game seed: 14308066130300290437

214 spaghetti the Cutter (level 5, 0/36 HPs)
             Began as an Octopode Abyssal Knight on Mar 22, 2022.
             Was a Priest of Lugonu.
             Slain by a gnoll
             ... wielding a +0 spear
              (8 damage)
             ... on level 3 of the Dungeon.
             The game lasted 00:04:42 (2640 turns).

spaghetti the Cutter (Octopode Abyssal Knight)      Turns: 2640, Time: 00:04:43

Health: 0/36       AC:  1    Str: 12    XL:     5   Next: 91%
Magic:  3/7        EV: 14    Int: 13    God:    Lugonu [***...]
Gold:   194        SH:  0    Dex: 14    Spells: 4/4 levels left

rFire   . . .      SeeInvis .   k - +3 dagger (spect) {short}
rCold   . . .      Faith    .   (no shield)
rNeg    . . .      Spirit   .   (helmet restricted)
rPois   .          Reflect  .   n - amulet of regeneration {@e2}
rElec   .          Harm     .   (no ring)
rCorr   .          Rampage  .   (no ring)
Will    .....                   (no ring)
Stlth   +++.......              (no ring)
HPRegen 0.92/turn               (no ring)
MPRegen 0.10/turn               (no ring)
                                (no ring)
                                (no ring)

@: invisible
A: almost no armour, amphibious, 8 rings, camouflage 1, gelatinous body 1,
(nimble swimmer 1), tentacles
a: Renounce Religion, Depart the Abyss, Bend Space, Banish


You were on level 3 of the Dungeon.
You worshipped Lugonu.
Lugonu was most pleased with you.
You visited 1 branch of the dungeon, and saw 3 of its levels.
You visited the Abyss 1 time.

You collected 194 gold pieces.


Innate Abilities, Weirdness & Mutations

You cannot wear most types of armour.
You are amphibious.
You can wear up to eight rings at the same time.
Your skin changes colour to match your surroundings (Stealth+).
Your rubbery body absorbs attacks. (AC +1, EV +1)
((You are camouflaged when in or above water. (Stealth+)))
You have tentacles for arms and can constrict up to eight enemies at once.


   Skills:
 - Level 3.0 Fighting
 * Level 3.8 Short Blades
 + Level 3.5 Dodging
 + Level 3.2 Stealth
 + Level 3.4 Invocations


You had 4 spell levels left.
You didn't know any spells.
Your spell library was empty.

Inventory:

Hand Weapons
 a - a +2 dagger of draining {short}
   (You found it on level 1 of the Dungeon)
 c - a +1 short sword {short}
 k - a +3 spectral dagger (weapon) {short}
   (You took it off a goblin on level 2 of the Dungeon)
 l - a +2 vampiric dagger {short}
   (You took it off a goblin on level 2 of the Dungeon)
Missiles
 d - 79 stones (quivered) {throwing}
 g - 2 poisoned darts {throwing}
 o - 2 boomerangs {throwing}
Jewellery
 n - an amulet of regeneration (around mantle) {@e2}
   (You found it on level 2 of the Dungeon)
Scrolls
 i - a scroll of vulnerability {!r!r}
 p - 2 scrolls of brand weapon
 q - a scroll of identify {unknown}
Potions
 b - 3 potions of haste {@q3}
 e - a potion of invisibility
 f - a potion of cancellation {unknown}
 h - a potion of flight {unknown}
 j - a potion of mutation {unknown}
 m - a potion of degeneration {unknown}
 r - a potion of attraction {unknown}

Dungeon Overview and Level Annotations

Branches:
Dungeon (3/15)

Altars:
Elyvilon
Kikubaaqudgha
Sif Muna

Annotations:
D:3 1 runed translucent door

≈.........# #..........# .....
.........## #..........# .....
..≈≈.....# #..........# .....
≈≈..≈....# #..........### ....(
....≈....## #............. ...(.
.⌠≈≈......# ##.........### .g...
≈≈⌠.......# ##........#####(....
....≈≈....######.###..#...(gg..#
..≈≈).≈......###@##...#....(...#
≈†...)†.......##g#..#.#......(.#
....≈≈...........g§##..../....(#
...≈≈.......###.###.g.........:#
≈≈≈≈≈###....#⌠#.#⌠#............#
≈≈≈≈###.....#.....#....#########
######......#.._..#....# ..#
##.....#.....######
.#####..)...########


You could see a gnoll shaman (fast, can't see you) and a gnoll (can't see you).


Message History

There are monsters nearby!
There are monsters nearby!
There are monsters nearby!
There are monsters nearby!
There are monsters nearby!
There are monsters nearby!
You throw a stone {throwing}. The gnoll shouts! x3
The stone {throwing} hits the gnoll but does no damage.
You throw a stone {throwing}.
The stone {throwing} barely misses the gnoll.
The stone {throwing} hits the gnoll but does no damage.
The gnoll shaman calls upon its god to speed up the gnoll.
The gnoll seems to speed up.
You throw a stone {throwing}. The stone {throwing} hits the gnoll.
The gnoll shaman drinks a potion.
The gnoll shaman seems to speed up.
You throw a stone {throwing}.
The stone {throwing} closely misses the gnoll.
The gnoll completely misses you.
You throw a stone {throwing}.
The stone {throwing} hits the gnoll but does no damage.
The gnoll shaman calls upon its god to heal the gnoll.
The gnoll's wounds heal themselves!
The gnoll closely misses you. The gnoll barely misses you.
The gnoll misses you.
You barely miss the gnoll. You grab the gnoll. You constrict the gnoll.
The gnoll hits you from afar with a +0 halberd!
The gnoll struggles to escape constriction.
The gnoll hits you with a +0 whip.
* * * LOW HITPOINT WARNING * * *
😨 HP[-22]
You take 22 damage, and now have 14/36 hp.
MASSIVE DAMAGE!! (PAUSE)
Okay, then.
Press: ? - help, Shift-Dir - straight line, f/p - gnoll
Aim: a gnoll, wielding a +0 spear (lightly wounded, constricted by you, chance to affect: 86%)
You fail to use your ability.
You constrict the gnoll. The gnoll shaman completely misses you.
The gnoll barely misses you. x2; The gnoll hits you with a +0 spear.
* * * LOW HITPOINT WARNING * * *
😨 HP[-2]
You take 2 damage, and now have 12/36 hp.
Press: ? - help, Shift-Dir - straight line, f/p - gnoll
Aim: a gnoll, wielding a +0 spear (lightly wounded, constricted by you, chance to affect: 86%)
You fail to use your ability.
You constrict the gnoll.
The gnoll shaman hits you with a +0 whip!
* * * LOW HITPOINT WARNING * * *
The gnoll closely misses you. The gnoll completely misses you.
The gnoll misses you. The gnoll shaman barely misses you.
The gnoll closely misses you. 😱 HP[-8]
You take 8 damage, and now have 4/36 hp.
MASSIVE DAMAGE!! (PAUSE)
Okay, then.
Space bends around you!
You blink.
You lose your grip on the gnoll. 😱 HP[-1] MP[-1]
You take 1 damage, and now have 3/36 hp.
You lost 1 mp, and now have 6/7 mp. 😱 HP[+1] 😱 HP[+1] 😱 HP[+1] 😱 HP[+1] 😱 HP[+1] 😱 HP[+1]
Press: ? - help, Shift-Dir - straight line, f - gnoll
Aim: a gnoll, wielding a +0 whip (fast, chance to affect: 86%)
You fail to use your ability. 😨 HP[+1]
Press: ? - help, Shift-Dir - straight line, f/p - gnoll
Aim: a gnoll, wielding a +0 whip (fast, chance to affect: 86%)
Okay, then.
Okay, then.
Press: ? - help, Shift-Dir - straight line, f/p - gnoll
Aim: a gnoll, wielding a +0 whip (fast, chance to affect: 86%)
The gnoll is devoured by a tear in reality.
Lugonu claims a new guest. 😨 MP[-4]
You lost 4 mp, and now have 2/7 mp. 😨 HP[+1] MP[+1]
You don't have enough magic at the moment.
You aren't carrying any items that you can evoke.
Unknown command.
It was a potion of invisibility.
You fade into invisibility! 😨 HP[+1]
You hit the gnoll shaman. Your grab misses the gnoll shaman.
Your tentacle-slap misses the gnoll shaman.
You squeeze the gnoll shaman!
The gnoll shaman mumbles some strange prayers to its god.
The gnoll shaman is healed somewhat.
The gnoll shaman misses you. 😨 HP[+1]
You hit the gnoll shaman. You grab the gnoll shaman.
You constrict the gnoll shaman, but do no damage.
The gnoll shaman hits you with a +0 whip.
* * * LOW HITPOINT WARNING * * *
The gnoll hits you from afar with a +0 spear!
You die...

Skill      XL: |  1  2  3  4  5 |
---------------+----------------+-----
Stealth        | 1 2 3 |  3.2
Dodging        | 3 |  3.5
Short Blades   | 3 |  3.8
Invocations    | 3 |  3.4
Fighting       | |  3.0

Action                   |  1- 3 |  4- 6 || total
-------------------------+-------+-------++-------
Melee: Dagger            |    62 |    56 ||   118
       Short sword       |     2 |       ||     2
       Constrict         |    14 |    20 ||    34
       Tentacles         |     8 |    19 ||    27
       Punch             |     1 |     1 ||     2
Throw: Stone             |     9 |    79 ||    88
Invok: Bend Space        |       |     1 ||     1
       Banish            |       |     1 ||     1
  Use: Scroll            |     1 |     5 ||     6
       Potion            |       |     1 ||     1
 Stab: Sleeping          |     4 |     1 ||     5
       Distracted        |       |     1 ||     1
Armor: Skin              |     4 |     8 ||    12
Dodge: Dodged            |    32 |    40 ||    72

Levels and vault maps discovered:
D:1:      psy_arrival_fountain, layout_loops_corners,
          hellmonk_ecumenical_altar_inner_sanctum
D:2:      layout_basic, basic_altar, uniq_robin, uniq_jessica
D:3:      cheibrodos_helix_gallery, layout_rooms, lemuel_tele_altar,
          mainiacjoe_overflow_alcove_2, led_sif_book, gammafunk_ghost_icy,
          minmay_strange_pillars, nicolae_grassy_gnolls

Notes
Turn   | Place    | Note
-------+----------+-------------------------------------------
     0 | Abyss:1  | spaghetti the Octopode Abyssal Knight began the quest for
                  | the Orb.
     0 | Abyss:1  | Reached XP level 1. HP: 16/16 MP: 2/2
     0 | Abyss:1  | magus.rc [v1.9.6]
    13 | D:1      | You pass through the gate.
    13 | D:1      | Escaped the Abyss
   394 | D:1      | Reached XP level 2. HP: 21/21 MP: 3/3
   631 | D:1      | Reached skill level 1 in Stealth
   801 | D:1      | Found a faded altar of an unknown god.
   989 | D:2      | Reached XP level 3. HP: 20/26 MP: 4/4
  1164 | D:2      | Noticed Robin
  1174 | D:2      | Killed Robin
  1174 | D:2      | Reached *** piety under Lugonu
  1188 | D:2      | HP: 3/26 [worm (8)]
  1196 | D:2      | HP: 3/26 [bat (1)]
  1499 | D:2      | Reached XP level 4. HP: 31/31 MP: 6/6
  1709 | D:2      | Reached skill level 3 in Dodging
  1709 | D:2      | Reached skill level 2 in Stealth
  1723 | D:2      | Noticed Jessica
  1730 | D:2      | Reached skill level 3 in Short Blades
  1732 | D:2      | Killed Jessica
  1733 | D:2      | Reached skill level 3 in Invocations
  1849 | D:2      | Found a white marble altar of Elyvilon.
  2267 | D:3      | Found a runed translucent gate.
  2287 | D:3      | Found a shimmering blue altar of Sif Muna.
  2310 | D:3      | Reached XP level 5. HP: 17/36 MP: 7/7
  2340 | D:3      | Found an ancient bone altar of Kikubaaqudgha.
  2461 | D:3      | Reached skill level 3 in Stealth
  2627 | D:3      | HP: 4/36 [gnoll shaman/+0 whip (9)]
  2640 | D:3      | HP: 8/36 [gnoll shaman/+0 whip (6)]
  2640 | D:3      | Slain by a gnoll

Vanquished Creatures
  A jelly (D:3)
  Jessica (D:2)
  Robin (D:2)
  A gnoll (D:3)
  4 adders
  4 worms (D:2)
  2 dart slugs
  3 orcs (D:3)
  6 ball pythons
  5 endoplasms
  2 giant cockroaches (D:1)
  12 goblins
  4 hobgoblins
  4 jackals (D:1)
  5 kobolds
  A quokka (D:1)
  5 bats
  7 frilled lizards
  4 rats
72 creatures vanquished.

Vanquished Creatures (others)
  11 plants (D:3)
11 creatures vanquished.

Grand Total: 83 creatures vanquished

Table legend:
 A = Non-vault XP
 B = Vault XP
 C = Vault XP percentage of total XP
 D = Non-vault monster count
 E = Vault monster count
 F = Vault count percentage of total count
                 A         B        C        D         E       F
            +---------+---------+-------+---------+---------+-------
      Total |     192 |     114 |  37.3 |      57 |      16 |  21.9
            +---------+---------+-------+---------+---------+-------
        D:1 |      31 |       0 |   0.0 |      16 |       0 |   0.0
        D:2 |      61 |      70 |  53.4 |      24 |      12 |  33.3
        D:3 |     100 |      44 |  30.6 |      17 |       4 |  19.0
            +---------+---------+-------+---------+---------+-------

Illustrated notes

Table legend:
 A = Kills in this place as a percentage of kills in entire the game.
 B = Kills by you in this place as a percentage of kills by you in the entire game.
 C = Kills by friends in this place as a percentage of kills by friends in the entire game.
 D = Other kills in this place as a percentage of other kills in the entire game.
 E = Experience gained in this place as a percentage of experience gained in the entire game.
 F = Experience gained in this place divided by the number of levels of this place that you have seen.
                   A       B       C       D       E      F
               +-------+-------+-------+-------+-------+----------------------
         Total | 100.0 | 100.0 |   N/A | 100.0 | 100.0 |  76.5
       Dungeon | 100.0 | 100.0 |   N/A | 100.0 | 100.0 | 102.0
               +-------+-------+-------+-------+-------+----------------------

Table legend: (Time is in decaauts)
 A = Elapsed time spent in this place.
 B = Non-inter-level travel time spent in this place.
 C = Inter-level travel time spent in this place.
 D = Time resting spent in this place.
 E = Time spent auto-exploring this place.
 F = Levels seen in this place.
 G = Mean time per level.
                   A        B        C        D        E       F      G
               +--------+--------+--------+--------+--------+-----+--------+
         Total |   2631 |   2559 |     72 |    492 |   1630 |   4 |  657.8 |
       Dungeon |   2618 |   2546 |     72 |    492 |   1622 |   3 |  872.7 |
         Abyss |     13 |     13 |      0 |      0 |      8 |   1 |   13.0 |
               +--------+--------+--------+--------+--------+-----+--------+

Top non-repeatable levels by time:
     D:2: 1268 daAuts
     D:1: 955 daAuts
     D:3: 395 daAuts
 Abyss:1: 13 daAuts
